 Dungeon Crawl Stone Soup version 0.31-a0-1321-g5021b54cb2 (webtiles) character file.

Game seed: 5087302299572737529

7753 croobank the Covert (level 11, -3/69 (75) HPs)
             Began as an Octopode Ice Elementalist on Dec 20, 2023.
             Was an Initiate of Gozag.
             Slain by a polar bear (17 damage)
             ... on level 8 of the Dungeon.
             The game lasted 00:34:30 (10664 turns).

croobank the Covert (Octopode Ice Elementalist)    Turns: 10664, Time: 00:34:31

HP:   -3/69 (75)    AC:  9    Str:  8    XL:     11   Next: 20%
MP:   16/21         EV: 16    Int: 21    God:    Gozag
Gold: 1102          SH:  0    Dex: 13    Spells: 12/24 levels left

rFire   . . .        k - +4 whip (venom)
rCold   . . .        (no shield)
rNeg    . . .        (helmet restricted)
rPois   .            (no amulet)
rElec   .            m - ring of wizardry
rCorr   .            w - ring of see invisible
SInv    +            (no ring)
Will    .....        (no ring)
Stlth   ++++++       (no ring)
HPRegen 0.31/turn    (no ring)
MPRegen 0.17/turn    (no ring)
                     (no ring)

%: wizardry (x1)
@: mighty, ice-armoured, gold aura, freezing walls, drained
A: almost no armour, amphibious, 8 rings, camouflage 1, gelatinous body 1,
(nimble swimmer 1), tentacles
a: Renounce Religion, Potion Petition, Call Merchant, Bribe Branch


You were on level 8 of the Dungeon.
You worshipped Gozag.
Gozag was most pleased with you.
You visited 1 branch of the dungeon, and saw 8 of its levels.
You also visited: Ossuary and Bailey.

You collected 1414 gold pieces.
You paid 312 gold pieces to Gozag.

Inventory:

Hand Weapons
 a - a +4 mace
 g - a +6 spectral quarterstaff
 k - a +4 whip of venom (weapon)
 p - a +0 broad axe
 q - a +2 trident of draining
 u - a +2 scimitar
 z - a +2 heavy dire flail
 C - the +6 arbalest "Nymuh" {flame, rElec Will++ Int-5 Stlth+}
   (You found it in a bailey)

   Int-5:     It affects your intelligence (-5).
   rElec:     It insulates you from electricity.
   Will++:    It greatly increases your willpower.
   Stlth+:    It makes you more stealthy.
 F - a +3 halberd
 H - a +3 hand axe
 I - a +0 war axe
Missiles
 o - 18 boomerangs
 x - 4 poisoned darts
 A - 2 curare-tipped darts (quivered)
Armour
 b - a +1 tower shield
Magical Staves
 G - a staff of alchemy
 J - a staff of death
Jewellery
 m - a ring of wizardry (left tentacle)
 w - a ring of see invisible (right tentacle)
Wands
 d - a wand of polymorph (12)
 f - a wand of flame (20)
Scrolls
 c - a scroll of brand weapon
 n - 2 scrolls of identify
 s - a scroll of fear
 t - 3 scrolls of poison
 y - a scroll of enchant armour
 D - 2 scrolls of noise
 E - a scroll of amnesia
 K - a scroll of teleportation
Potions
 e - a potion of enlightenment
 h - 7 potions of curing
 i - a potion of attraction
 j - a potion of might
 l - 2 potions of haste
 r - 2 potions of mutation
 v - a potion of brilliance
 B - a potion of cancellation


   Skills:
 + Level 7.4 Fighting
 - Level 4.0 Maces & Flails
 + Level 7.7 Dodging
 + Level 10.9 Stealth
 + Level 7.1 Spellcasting
 - Level 5.0 Summonings
 + Level 8.4 Ice Magic


You had 12 spell levels left.
You knew the following spells:

 Your Spells              Type           Power      Damage    Failure   Level
a - Freeze                Ice            100%       1d10      1%          1
b - Frozen Ramparts       Ice            86%        1d13      1%          3
c - Ozocubu's Armour      Ice            43%        N/A       1%          3
d - Sting                 Conj/Alch      28%        1d4       3%          1
e - Summon Ice Beast      Ice/Summ       35%        N/A       2%          4

Your spell library contained the following spells:

 Spells                   Type           Power      Damage    Failure   Level


Dungeon Overview and Level Annotations

Branches:
Dungeon (8/15)             Temple (0/1) D:7         Ossuary (visited)
 Bailey (visited)
   Lair: D:8-11

Altars:
Gozag
Trog
Yredelemnul

Annotations:
D:7 1 runed translucent door, Crazy Yiuf


Innate Abilities, Weirdness & Mutations

You cannot wear most types of armour.
You are amphibious.
You can wear up to eight rings at the same time.
Your skin changes colour to match your surroundings (Stealth+).
Your rubbery body absorbs attacks. (AC +1, EV +1)
((You are camouflaged when in or above water. (Stealth+)))
You have tentacles for arms and can constrict up to eight enemies at once.


Message History

The wall freezes the steam dragon but does no damage.
The polar bear resists.
The wall freezes the polar bear.
The polar bear bites you.
The polar bear claws you but does no damage.
The polar bear claws you.
You hit the polar bear but do no damage.
The polar bear is moderately wounded.
The rime drake completely resists.
The wall freezes the rime drake but does no damage.
The wall freezes the steam dragon.
The polar bear resists.
The wall freezes the polar bear.
The polar bear bites you! The polar bear closely misses you.
The polar bear barely misses you.
You are too injured to fight recklessly!
You feel very mighty all of a sudden.
The wall freezes the steam dragon!
The steam dragon bites you. The steam dragon misses you.
The polar bear resists.
The wall freezes the polar bear.
The polar bear closely misses you. The polar bear completely misses you.
The polar bear barely misses you.
You whack the steam dragon!
The steam dragon is poisoned.
You squeeze the steam dragon.
You kill the steam dragon!
The rime drake resists.
The wall freezes the rime drake.
The polar bear resists.
The wall freezes the polar bear.
The polar bear goes berserk!
You barely miss the polar bear.
The polar bear is severely wounded.
The polar bear resists.
The wall freezes the polar bear.
The polar bear bites you!
* * * LOW HITPOINT WARNING * * *
The polar bear barely misses you.
The polar bear claws you but does no damage.
The rime drake completely resists.
The wall freezes the rime drake but does no damage.
You hit the polar bear.
The polar bear looks as sick as possible!
The polar bear is almost dead.
The polar bear resists.
The wall freezes the polar bear.
The polar bear bites you!
You die...
Your body crumbles into a pile of gold.

.......# #...........
.......## ...........
........# #..........
........####.#........
.........##...........
#........##...........
##.......#..#...####
###.......###...##
##......# ###@$##
##..#.## ##h.# #
###..# ##.~.#.### .#
#.## #......~.# .# .##
#.........D. .. ..
#............ .#
#.....#........
.............(.
....#.#...###..


You could see a polar bear (berserk, extremely poisoned).

Vanquished Creatures
  Pikel (D:7)
  Maurice (D:7)
  Joseph (D:7)
  Jeremiah (D:8)
  A hornet (D:8)
  Sigmund (D:3)
  2 steam dragons
  Menkaure (D:6)
  Edmund (D:6)
  Duvessa (D:7)
  2 water moccasins
  A black bear (D:4)
  4 orc warriors (Bailey)
  The ghost of gdog the Covert, an amateur GnDe (D:4)
  3 sky beasts
  A centaur (D:8)
  A wolf (D:8)
  3 phantoms
  An elf zombie (Ossuary)
  3 lemures (D:7)
  2 bullfrogs
  2 scorpions
  Dowan (D:7)
  10 wights
  A howler monkey (D:5)
  A jelly (D:6)
  A hound (D:5)
  An orc priest (D:3)
  Jessica (D:3)
  6 iguanas
  2 orc wizards (D:7)
  5 mummies
  6 gnolls
  8 adders
  A shadow imp (D:7)
  A white imp (D:5)
  3 adder zombies (Ossuary)
  4 worms
  3 dart slugs
  21 orcs
  10 ball pythons
  3 endoplasms
  A gnoll zombie (Ossuary)
  8 goblins
  9 hobgoblins
  2 jackals (D:1)
  15 kobolds
  6 quokkas
  6 bats
  3 frilled lizards (D:1)
  3 hobgoblin zombies
  A jackal zombie (Ossuary)
  A kobold zombie (Ossuary)
  3 orc zombies (Ossuary)
  A rat zombie (Ossuary)
183 creatures vanquished.

Notes
Turn   | Place    | Note
-------+----------+-------------------------------------------
     0 | D:1      | croobank the Octopode Ice Elementalist began the quest for
                  | the Orb.
     0 | D:1      | Reached XP level 1. HP: 11/11 MP: 3/3
   289 | D:1      | Reached skill level 3 in Stealth
   289 | D:1      | Reached XP level 2. HP: 14/18 MP: 0/5
   944 | D:2      | Reached XP level 3. HP: 12/22 MP: 4/6
  1005 | D:2      | Reached skill level 1 in Fighting
  1309 | D:2      | Found a faded altar of an unknown god.
  1315 | D:2      | Got Plato's Textbook on Kinetic Energy
  1390 | D:2      | Prayed at the altar of an unknown god.
  1390 | D:2      | Became a worshipper of Gozag Ym Sagoz the Greedy
  1828 | D:3      | Reached XP level 4. HP: 24/28 MP: 7/7
  1964 | D:3      | Noticed Jessica
  1974 | D:3      | Killed Jessica
  2205 | D:3      | Reached skill level 4 in Stealth
  2279 | D:3      | Reached XP level 5. HP: 34/34 MP: 8/8
  2301 | D:3      | Learned a level 3 spell: Frozen Ramparts
  2305 | D:3      | Learned a level 3 spell: Ozocubu's Armour
  2367 | D:3      | Reached XP level 6. HP: 24/39 MP: 0/10
  2515 | D:3      | Noticed Sigmund
  2521 | D:3      | Killed Sigmund
  2522 | D:3      | Reached skill level 5 in Stealth
  2522 | D:3      | Reached skill level 5 in Ice Magic
  2846 | D:4      | Found a runed translucent gate.
  2846 | D:4      | Found a runed translucent gate.
  2846 | D:4      | Found a runed translucent gate.
  2848 | D:4      | Found an opulent altar of Gozag.
  3069 | D:4      | Noticed gdog's ghost (amateur GnDe)
  3103 | D:4      | Noticed a black bear
  3120 | D:4      | Killed a black bear
  3121 | D:4      | Reached XP level 7. HP: 25/45 MP: 4/12
  4173 | D:4      | Killed gdog's ghost
  4529 | D:5      | Entered Level 5 of the Dungeon
  4863 | D:5      | Reached skill level 6 in Stealth
  5142 | D:5      | Reached XP level 8. HP: 10/54 MP: 9/14
  5916 | D:6      | Noticed Edmund
  5930 | D:6      | Killed Edmund
  6123 | D:6      | Found a sand-covered staircase.
  6185 | Ossuary  | Entered an ossuary
  6222 | Ossuary  | Reached skill level 7 in Stealth
  6960 | D:6      | Reached skill level 5 in Dodging
  7184 | D:7      | Noticed Pikel
  7186 | D:7      | Reached skill level 1 in Summonings
  7186 | D:7      | Reached XP level 9. HP: 30/59 MP: 5/16
  7194 | D:7      | Killed Pikel
  7195 | D:7      | Reached skill level 5 in Fighting
  7195 | D:7      | Reached skill level 5 in Spellcasting
  7249 | D:7      | Noticed Duvessa
  7280 | D:7      | Found a flagged portal.
  7288 | D:7      | Reached skill level 8 in Stealth
  7355 | D:7      | Learned a level 1 spell: Sting
  7360 | D:7      | Learned a level 4 spell: Summon Ice Beast
  7361 | Bailey   | Entered a bailey
  7366 | Bailey   | Noticed an orc warlord
  7907 | Bailey   | Found a runed translucent gate.
  7918 | Bailey   | Found a runed translucent gate.
  7919 | Bailey   | Found a runed translucent gate.
  8022 | Bailey   | Identified the +6 arbalest "Nymuh" {flame, rElec Will++
                  | Int-5 Stlth+}
  8098 | D:7      | Reached skill level 10 in Stealth
  8098 | D:7      | Reached XP level 10. HP: 52/69 MP: 17/19
  8157 | D:7      | Noticed Dowan
  8161 | D:7      | Killed Duvessa
  8164 | D:7      | Killed Dowan
  8631 | D:7      | Noticed Maurice
  8644 | D:7      | Killed Maurice
  8645 | D:7      | Reached skill level 5 in Summonings
  8656 | D:7      | Noticed Joseph
  8668 | D:7      | Killed Joseph
  8763 | D:7      | Found a runed translucent door.
  8764 | D:7      | Noticed Crazy Yiuf
  8948 | D:7      | Found a staircase to the Ecumenical Temple.
  9046 | D:7      | Found a bloodstained altar of Trog.
  9046 | D:7      | Found a basalt altar of Yredelemnul.
  9421 | D:6      | Noticed Menkaure
  9434 | D:6      | Killed Menkaure
  9436 | D:6      | Reached XP level 11. HP: 16/75 MP: 15/21
 10407 | D:8      | Noticed Jeremiah
 10479 | D:8      | Killed Jeremiah
 10664 | D:8      | Slain by a polar bear

Illustrated notes

Levels and vault maps discovered:
D:1:      minmay_arrival_widening_spiral_wide, layout_rooms, kennysheep_boxes
D:2:      layout_loops_corners, shapermc_ecumenical_altar_rom_forum,
          minmay_cut_off
D:3:      layout_loops_ring, grunt_decor_cap, uniq_sigmund, uniq_jessica
D:4:      layout_cave_pods, ebering_ghost_gozag
D:5:      layout_layer_cave, dreamdust_wishing_well
D:6:      layout_basic, nicolae_ossuary_entry_giza, skrybe_limestone_x,
          uniq_menkaure, uniq_edmund
D:7:      layout_basic, mainiacjoe_overflow_divided_tiny,
          minmay_temple_entry_nine_rooms, enter_bailey_7,
          kennysheep_generic_room_14, uniq_maurice, uniq_pikel, uniq_duvessa,
          uniq_joseph, uniq_crazy_yiuf_cottage
D:8:      layout_cave_pods, hellmonk_lair_entry_icy, uniq_jeremiah

Skill      XL: |  1  2  3  4  5  6  7  8  9 10 11 |
---------------+----------------------------------+-----
Stealth        | 3 4 5 6 7 10 | 10.9
Fighting       | 1 2 3 4 6 7 |  7.4
Dodging        | 3 4 5 7 |  7.7
Spellcasting   | 3 4 6 7 |  7.1
Ice Magic      | 5 6 8 |  8.4
Summonings     | 1 4 5 |  5.0
Maces & Flails | 4 |  4.0

Action                     |  1- 3 |  4- 6 |  7- 9 | 10-12 || total
---------------------------+-------+-------+-------+-------++-------
  Melee: Mace              |     2 |       |       |       ||     2
         Constrict         |    15 |    20 |    44 |    23 ||   102
         Dagger            |     9 |       |       |       ||     9
         Whip              |    38 |    70 |   212 |   113 ||   433
         Tentacles         |    14 |    16 |    68 |    34 ||   132
         Punch             |       |     1 |     5 |     3 ||     9
  Throw: Dart              |       |       |     1 |     1 ||     2
   Cast: Freeze            |    19 |       |     5 |       ||    24
         Frozen Ramparts   |       |     8 |    38 |    20 ||    66
         Ozocubu's Armour  |       |     2 |    30 |    11 ||    43
         Summon Ice Beast  |       |       |     4 |       ||     4
 Invoke: Potion Petition   |       |       |       |     1 ||     1
  Evoke: Wand              |       |       |     5 |     1 ||     6
    Use: Scroll            |       |       |    19 |     1 ||    20
         Potion            |       |       |    10 |     1 ||    11
   Stab: Sleeping          |     9 |     4 |     7 |     3 ||    23
         Distracted        |     1 |       |       |       ||     1
         Paralysed         |       |       |    14 |     6 ||    20
 Armour: Skin              |    21 |    29 |   118 |    63 ||   231
  Dodge: Dodged            |    39 |    42 |   144 |    79 ||   304

Table legend: (Time is in decaauts)
 A = Elapsed time spent in this place.
 B = Non-inter-level travel time spent in this place.
 C = Inter-level travel time spent in this place.
 D = Time resting spent in this place.
 E = Time spent auto-exploring this place.
 F = Levels seen in this place.
 G = Mean time per level.
                   A        B        C        D        E       F      G
               +--------+--------+--------+--------+--------+-----+--------+
         Total |  10670 |  10396 |    274 |   2543 |   5757 |  10 | 1067.0 |
       Dungeon |   9187 |   8913 |    274 |   1996 |   5424 |   8 | 1148.4 |
       Ossuary |    762 |    762 |      0 |    272 |    333 |   1 |  762.0 |
        Bailey |    721 |    721 |      0 |    275 |      0 |   1 |  721.0 |
               +--------+--------+--------+--------+--------+-----+--------+

Top non-repeatable levels by time:
     D:4: 1686 daAuts
     D:7: 1670 daAuts
     D:5: 1378 daAuts
     D:6: 1316 daAuts
     D:3: 1146 daAuts
     D:2: 962 daAuts
 Ossuary: 762 daAuts
     D:1: 747 daAuts
  Bailey: 721 daAuts
     D:8: 280 daAuts
